 Dungeon Crawl Stone Soup version 0.21-a0-621-gc60411f (webtiles) character file.

19127 mortelune the Destroyer (level 12, -23/69 HPs)
             Began as a Deep Elf Fire Elementalist on Dec 23, 2017.
             Was an Elder of Vehumet.
             Annihilated by a white ugly thing (28 damage)
             ... in an ice cave on Dec 24, 2017.
             The game lasted 01:04:51 (19582 turns).

mortelune the Destroyer (DEFE)                     Turns: 19582, Time: 01:04:51

Health: -23/69     AC:  8    Str:  6    XL:     12   Next: 33%
Magic:  9/30       EV: 13    Int: 31    God:    Vehumet [****..]
Gold:   359        SH:  8    Dex: 20    Spells: 13/35 levels left

rFire    + . .     SeeInvis .   f - +4 whip
rCold    . . .     Gourm    .   L - +0 buckler
rNeg     . . .     Faith    .   N - +0 steam dragon scales
rPois    .         Spirit   .   B - +0 helmet
rElec    +         Reflect  +   z - +1 cloak
rCorr    .         Harm     .   (no gloves)
MR       +....                  (no boots)
Stlth    +.........             U - amulet "Tiacw" {Reflect rElec rC- Dex+7 SH+2}
HPRegen  0.21/turn              R - ring of Aschimasa {Wiz rF+}
MPRegen  0.22/turn              S - ring "Bapraal" {rC+ Int+6 Dex-2 Slay+2 Stlth-}

@: no status effects
A: no striking features
a: Renounce Religion


You were in an ice cave.
You worshipped Vehumet.
Vehumet was greatly pleased with you.
You were not hungry.

You visited 3 branches of the dungeon, and saw 13 of its levels.
You also visited: Ossuary and Ice Cave.

You collected 629 gold pieces.
You spent 270 gold pieces at shops.

Inventory:

Hand Weapons
 d - a +0 whip
 f - a +4 whip (weapon)
 y - a +0 whip of flaming
Armour
 a - a +0 robe
 p - a +2 robe of positive energy
 z - a +1 cloak (worn)
 B - a +0 helmet (worn)
 L - a +0 buckler (worn)
 N - +0 steam dragon scales (worn)
Jewellery
 j - an uncursed amulet of regeneration
 O - a +1 ring of slaying
 Q - an uncursed ring of positive energy
 R - the ring of Aschimasa (left hand) {Wiz rF+}
   (You found it on level 10 of the Dungeon)

   [ring of wizardry]

   It improves your spell success rate.
   It protects you from fire.
 S - the ring "Bapraal" (right hand) {rC+ Int+6 Dex-2 Slay+2 Stlth-}
   (You found it on level 10 of the Dungeon)

   [ring of loudness]

   It affects your intelligence (+6).
   It affects your dexterity (-2).
   It affects your accuracy and damage with ranged weapons and melee attacks
   (+2).
   It protects you from cold.
   It makes you less stealthy.
 U - the amulet "Tiacw" (around neck) {Reflect rElec rC- Dex+7 SH+2}
   (You found it on level 10 of the Dungeon)

   [amulet of reflection]

   It shields you and reflects attacks.
   It affects your dexterity (+7).
   It makes you vulnerable to cold.
   It insulates you from electricity.
   It affects your SH (+2).
 V - the ring "Rimohoih" {rPois Str+7 Int-3}
   (You found it on level 10 of the Dungeon)

   [ring of intelligence]

   It affects your strength (+7).
   It affects your intelligence (-3).
   It protects you from poison.
Wands
 s - a wand of iceblast (5)
 t - a wand of clouds (8)
 x - a wand of polymorph (10)
 A - a wand of digging (26)
Scrolls
 e - a scroll of fog {unknown}
 g - a scroll of random uselessness {unknown}
 i - 11 scrolls of remove curse
 m - 2 scrolls of immolation
 o - 7 scrolls of teleportation
 q - 2 scrolls of noise
 r - 3 scrolls of magic mapping
 u - 4 scrolls of blinking
 v - 2 scrolls of enchant armour
 C - a scroll of amnesia {unknown}
 D - a scroll of holy word
 J - a scroll of torment {unknown}
 M - a scroll of enchant weapon {unknown}
 W - a scroll of silence {unknown}
Potions
 h - 2 potions of magic
 k - a potion of mutation
 l - 7 potions of curing
 n - a potion of resistance
 w - 4 potions of brilliance
 E - 3 potions of flight
 G - 2 potions of might
 H - a potion of lignification
 I - a potion of cancellation {unknown}
 K - a potion of invisibility {unknown}
 P - a potion of ambrosia {unknown}
 T - 2 potions of heal wounds {unknown}
Books
 b - a book of Flames

   Spells                             Type                      Level
   a - Flame Tongue                   Conjuration/Fire             1
   b - Throw Flame                    Conjuration/Fire             2
   c - Conjure Flame                  Conjuration/Fire             3
   d - Inner Flame                    Hexes/Fire                   3
   e - Sticky Flame                   Conjuration/Fire             4
   f - Fireball                       Conjuration/Fire             5
 F - a book of Minor Magic

   Spells                             Type                      Level
   a - Magic Dart                     Conjuration                  1
   b - Blink                          Translocation                2
   c - Call Imp                       Summoning                    2
   d - Slow                           Hexes                        2
   e - Conjure Flame                  Conjuration/Fire             3
   f - Mephitic Cloud                 Conjuration/Poison/Air       3
Comestibles
 c - 10 rations


   Skills:
 + Level 5.8 Fighting
 - Level 2.4 Dodging
 - Level 2.4 Stealth
 - Level 4.0 Shields
 + Level 12.2 Spellcasting
 * Level 13.7 Conjurations
 - Level 3.0 Translocations
 + Level 10.6 Fire Magic


You had 13 spell levels left.
You knew the following spells:

 Your Spells              Type           Power        Failure   Level  Hunger
a - Flame Tongue          Conj/Fire      #####        0%          1    None
b - Throw Flame           Conj/Fire      ######       1%          2    None
c - Conjure Flame         Conj/Fire      #######.     1%          3    None
d - Sticky Flame          Conj/Fire      #######.     1%          4    None
e - Fireball              Conj/Fire      #######...   1%          5    ##.....
f - Blink                 Tloc           N/A          1%          2    None
g - Mephitic Cloud        Conj/Pois/Air  #####...     1%          3    None
h - Searing Ray           Conj           ######       0%          2    None


Dungeon Overview and Level Annotations

Branches:
Dungeon (11/15)            Temple (1/1) D:7            Lair (1/6) D:11
    Orc (0/2) D:11

Altars:
Ashenzari
Cheibriados
Dithmenos
Elyvilon
Fedhas
Gozag
Hepliaklqana
Kikubaaqudgha
Makhleb
Nemelex Xobeh
Okawaru
Ru
Sif Muna
Trog
Uskayaw
Vehumet
Wu Jian
Xom
Yredelemnul
Zin
The Shining One

Shops:
D:4 }   D:6 ?

Annotations:
D:3 Grinder


Message History

Vehumet accepts your kill.
You feel your power returning. The white ugly thing kicks you.
The white ugly thing freezes you!!
Casting: Fireball
Confirm with . or Enter, or press ? or * to list all spells.
Aiming: Sticky Flame
Press: ? - help, Shift-Dir - straight line, f - white ugly thing
Aim: a white ugly thing (lightly wounded)
The sticky flame hits the white ugly thing.
The white ugly thing is moderately wounded.
The white ugly thing is covered in liquid flames!
The white ugly thing burns!
The ice beast hits you but does no damage.
The white ugly thing kicks you! The white ugly thing freezes you!
* * * LOW HITPOINT WARNING * * *
You feel better.
The white ugly thing burns!
You block the ice beast's attack. The white ugly thing kicks you!
* * * LOW HITPOINT WARNING * * *
The white ugly thing freezes you!!
You die...

#...?.%.?...#
##....!.?....##
#......[......#
#....8...8....#
#.............#
#...........#
#....Yu.....#
#....@∩.....#
##.........##
##...∩...##
##.....##
#######


You could see a white ugly thing (burning) and an ice beast.

Vanquished Creatures
  4 two-headed ogres
  The ghost of tidbits the Summoner, a novice GnSu of Cheibriados (D:8)
  Pikel (D:5)
  A manticore (D:11)
  An ugly thing (D:11)
  A cyclops (D:11)
  Joseph (D:9)
  A gargoyle (D:11)
  2 spiny frogs (Lair:1)
  A komodo dragon (Lair:1)
  2 trolls (D:10)
  A freezing wraith (D:10)
  A meliai zombie (D:10)
  A slime creature (D:10)
  3 hippogriffs
  2 wraiths
  Sigmund (D:6)
  A spriggan (D:7)
  A steam dragon (D:8)
  2 basilisks
  21 yaks
  2 hungry ghosts
  A vampire mosquito (D:10)
  Edmund (D:5)
  2 black bears
  13 ice beasts
  7 orc warriors
  A hornet zombie (D:5)
  3 sky beasts
  2 necrophages (D:8)
  5 ogres
  2 centaurs
  A big kobold (D:7)
  Blork the orc (D:5)
  8 bullfrogs
  A gnoll sergeant (D:5)
  18 scorpions
  3 killer bees (D:10)
  An electric eel (D:11)
  13 wights
  A crimson imp (D:11)
  4 bullfrog zombies
  A centaur zombie (Ossuary)
  9 orc priests
  2 hounds (D:5)
  A bullfrog skeleton (D:5)
  2 iguanas
  Ijyb (D:5)
  5 orc wizards
  8 worker ants
  2 big kobold zombies (Ossuary)
  3 mummies (Ossuary)
  8 gnolls
  13 adders
  A howler monkey skeleton (D:10)
  7 scorpion zombies (Ossuary)
  3 shadow imps
  2 oozes
  2 worms
  4 dart slugs
  3 leopard geckos
  36 orcs
  8 giant cockroaches
  11 goblins
  9 hobgoblins
  2 jackals (D:3)
  9 kobolds
  A ball python (D:2)
  A ball python zombie (D:5)
  8 bats
  3 frilled lizards
  2 gnoll zombies (Ossuary)
  3 goblin zombies (Ossuary)
  A hobgoblin zombie (Ossuary)
  3 jackal skeletons
  A kobold zombie (Ossuary)
  An orc zombie (Ossuary)
  A quokka skeleton (D:5)
  7 rats
  A fungus (D:11)
  A plant (D:11)
326 creatures vanquished.

Vanquished Creatures (others)
  2 fungi (D:11)
  A plant (Lair:1)
3 creatures vanquished.

Grand Total: 329 creatures vanquished

Notes
Turn   | Place    | Note
-------+----------+-------------------------------------------
     0 | D:1      | mortelune the Deep Elf Fire Elementalist began the quest for the Orb.
     0 | D:1      | Reached XP level 1. HP: 10/10 MP: 6/6
   163 | D:1      | Reached XP level 2. HP: 15/15 MP: 6/8
   272 | D:1      | Reached skill level 2 in Conjurations
   285 | D:1      | Learned a level 2 spell: Throw Flame
   916 | D:2      | Reached XP level 3. HP: 19/19 MP: 5/10
   947 | D:2      | Learned a level 3 spell: Conjure Flame
  1549 | D:2      | Reached skill level 3 in Conjurations
  1720 | D:2      | Reached XP level 4. HP: 20/24 MP: 6/11
  2794 | D:3      | Noticed Grinder
  2865 | D:3      | Learned a level 4 spell: Sticky Flame
  2868 | D:3      | Reached XP level 5. HP: 28/28 MP: 6/13
  3087 | D:3      | Reached skill level 4 in Conjurations
  3694 | D:3      | Found an opulent altar of Gozag.
  3695 | D:3      | Found a hide-covered altar of Uskayaw.
  3698 | D:3      | Found a sacrificial altar of Ru.
  3698 | D:3      | Found a basalt altar of Yredelemnul.
  3861 | D:3      | Paralysed by Grinder for 7 turns
  4023 | D:4      | Found Onic's Gadget Shop.
  4125 | D:4      | Bought a wand of iceblast (5) for 108 gold pieces
  4236 | D:4      | Reached XP level 6. HP: 21/32 MP: 10/15
  4367 | D:4      | Reached skill level 5 in Spellcasting
  4426 | D:4      | Reached skill level 5 in Conjurations
  4639 | D:4      | Reached skill level 5 in Fire Magic
  5037 | D:5      | Entered Level 5 of the Dungeon
  5099 | D:5      | Found an ancient bone altar of Kikubaaqudgha.
  5113 | D:5      | Reached XP level 7. HP: 22/36 MP: 0/17
  5226 | D:5      | Noticed Ijyb
  5230 | D:5      | Killed Ijyb
  5293 | D:5      | Noticed Edmund
  5296 | D:5      | Learned a level 5 spell: Fireball
  5450 | D:5      | Reached skill level 6 in Conjurations
  5453 | D:5      | Killed Edmund
  5737 | D:5      | Noticed Blork the orc
  5753 | D:5      | Killed Blork the orc
  5873 | D:5      | Reached skill level 7 in Conjurations
  5985 | D:5      | Noticed Pikel
  5999 | D:5      | Killed Pikel
  5999 | D:5      | Reached skill level 8 in Conjurations
  5999 | D:5      | Reached XP level 8. HP: 41/41 MP: 4/21
  7314 | D:6      | Noticed Sigmund
  7320 | D:6      | Killed Sigmund
  7320 | D:6      | Reached skill level 9 in Conjurations
  7529 | D:6      | Reached XP level 9. HP: 38/45 MP: 8/23
  7737 | D:6      | Found Akaru's Magic Scroll Shoppe.
  7746 | D:6      | Bought a scroll of holy word for 90 gold pieces
  7746 | D:6      | Bought a scroll of remove curse for 36 gold pieces
  7746 | D:6      | Bought a scroll of teleportation for 36 gold pieces
  8613 | D:7      | Reached skill level 1 in Fighting
  8910 | D:7      | Found an ornate altar of the Wu Jian Council.
  9516 | D:7      | Found a staircase to the Ecumenical Temple.
  9527 | D:7      | Learned a level 2 spell: Blink
  9531 | D:7      | Learned a level 3 spell: Mephitic Cloud
  9535 | Temple   | Entered the Ecumenical Temple
  9605 | Temple   | Became a worshipper of Vehumet
 10060 | D:8      | Noticed tidbits's ghost (novice GnSu)
 10072 | D:8      | Killed tidbits's ghost
 10072 | D:8      | Reached skill level 10 in Conjurations
 10212 | D:8      | Found a sand-covered staircase.
 10217 | Ossuary  | Entered an ossuary
 11108 | Ossuary  | Reached * piety under Vehumet
 11108 | Ossuary  | Offered knowledge of Sandblast by Vehumet.
 11227 | Ossuary  | Reached XP level 10. HP: 53/55 MP: 6/25
 11761 | D:8      | Found an iron altar of Okawaru.
 11802 | D:8      | Noticed a two-headed ogre
 12045 | D:8      | Reached skill level 11 in Conjurations
 12095 | D:8      | Reached skill level 1 in Translocations
 12729 | D:8      | Killed a two-headed ogre
 12729 | D:8      | Reached skill level 10 in Spellcasting
 13155 | D:9      | Noticed Joseph
 13159 | D:9      | Killed Joseph
 13332 | D:9      | Reached ** piety under Vehumet
 13339 | D:9      | Offered knowledge of Sting by Vehumet.
 13963 | D:9      | Reached skill level 12 in Conjurations
 14281 | D:10     | Entered Level 10 of the Dungeon
 14294 | D:9      | Reached XP level 11. HP: 34/61 MP: 16/27
 14841 | D:10     | Found a runed door.
 14843 | D:10     | Found a runed door.
 15166 | D:10     | Reached skill level 1 in Shields
 16414 | D:10     | Offered knowledge of Searing Ray by Vehumet.
 16591 | D:10     | Learned a level 2 spell: Searing Ray
 16717 | D:10     | Got a smoking silver ring
 16719 | D:10     | Identified the ring of Aschimasa {Wiz rF+} (You found it on level 10 of the Dungeon)
 16722 | D:10     | Got a sparkling bronze ring
 16724 | D:10     | Identified the ring "Bapraal" {rC+ Int+6 Dex-2 Slay+2 Stlth-} (You found it on level 10 of the Dungeon)
 16743 | D:10     | Got a flickering lead amulet
 16745 | D:10     | Identified the amulet "Tiacw" {Reflect rElec rC- Dex+7 SH+2} (You found it on level 10 of the Dungeon)
 16748 | D:10     | Got a smoking jade ring
 16750 | D:10     | Identified the cursed ring "Rimohoih" {rPois Str+7 Int-3} (You found it on level 10 of the Dungeon)
 16991 | D:11     | Noticed a two-headed ogre
 16995 | D:11     | Killed a two-headed ogre
 17234 | D:11     | Reached *** piety under Vehumet
 17324 | D:11     | Noticed a two-headed ogre
 17326 | D:11     | Killed a two-headed ogre
 17457 | D:11     | Noticed a two-headed ogre
 17461 | D:11     | Killed a two-headed ogre
 17524 | D:11     | Noticed a white ugly thing
 17530 | D:11     | Reached skill level 10 in Fire Magic
 17536 | D:11     | Killed a white ugly thing
 17536 | D:11     | Reached skill level 5 in Fighting
 17784 | D:11     | Reached skill level 13 in Conjurations
 18198 | D:11     | Found a staircase to the Orcish Mines.
 18330 | D:11     | Found a radiant altar of Vehumet.
 18488 | D:11     | Found a staircase to the Lair.
 18866 | Lair:1   | Entered Level 1 of the Lair of Beasts
 18931 | Lair:1   | Offered knowledge of Stone Arrow by Vehumet.
 18931 | Lair:1   | Reached XP level 12. HP: 63/68 MP: 13/29
 19564 | Lair:1   | Found a frozen archway.
 19575 | IceCv    | Entered an ice cave
 19576 | IceCv    | Reached **** piety under Vehumet
 19582 | IceCv    | Annihilated by a white ugly thing

Vault maps used:
D:1:      lightli_arrival_flooded_house
D:2:      first_ration
D:3:      grunt_temple_overflow_open, uniq_grinder
D:4:      serial_shops, nicolae_shop_waterfront
D:5:      basic_altar, uniq_edmund, uniq_ijyb, uniq_pikel, uniq_blork_the_orc
D:6:      serial_shops, shop, uniq_sigmund
D:7:      minmay_temple_entry_nine_rooms, basic_altar, the_bakery
D:8:      nicolae_ossuary_entry_plus, kennysheep_okawaru_gauntlet
D:9:      minmay_tree_intersection, uniq_joseph
D:10:     minmay_the_grid_triangle_9x9_rhombus_thin_mashed
D:11:     grunt_lair_entry_orc_guard_hut, orc_0_dummy, basic_altar,
          nrook_pool_corridor
Temple:   dpeg_five_rooms_temple
Lair:1:   minmay_guarded_unrand_snakebite, portal_ice_cave_entry_ice_beasts,
          small_statue_intersection
Ossuary:  ossuary_minmay_scorpions
IceCv:    ice_cave_statue_garden_teleport

Skill      XL: |  1  2  3  4  5  6  7  8  9 10 11 12 |
---------------+-------------------------------------+-----
Conjurations   | 2 3 4 5 8 9 10 12 13 | 13.7
Fire Magic     | 4 5 6 7 8 9 10 | 10.6
Spellcasting   | 4 5 7 8 9 10 11 12 | 12.2
Fighting       | 2 4 5 |  5.8
Translocations | 3 |  3.0
Shields        | 4 |  4.0
Dodging        | |  2.4
Stealth        | |  2.4

Action                   |  1- 3 |  4- 6 |  7- 9 | 10-12 || total
-------------------------+-------+-------+-------+-------++-------
Melee: Whip              |     1 |       |       |     3 ||     4
 Cast: Flame Tongue      |    46 |    68 |   159 |   191 ||   464
       Throw Flame       |    15 |    50 |    83 |   133 ||   281
       Conjure Flame     |       |     6 |     9 |    14 ||    29
       Sticky Flame      |       |     4 |    19 |    36 ||    59
       Fireball          |       |       |    13 |    70 ||    83
       Mephitic Cloud    |       |       |       |     2 ||     2
       Searing Ray       |       |       |       |     1 ||     1
  Use: Scroll            |       |     6 |     2 |    10 ||    18
       Potion            |       |       |     1 |     1 ||     2
  Eat: Chunk             |     2 |     5 |    11 |    14 ||    32
       Ration            |       |     2 |     3 |     6 ||    11
Armor: Robe              |     3 |     8 |     9 |     3 ||    23
       Steam dragon scal |       |       |       |    22 ||    22
Dodge: Dodged            |    11 |    23 |    24 |    54 ||   112
Block: Buckler           |       |       |       |    20 ||    20
       Reflection        |       |       |       |     2 ||     2

Table legend:
 A = Spawn XP
 B = Non-spawn XP
 C = Spawn XP percentage of total XP
 D = Spawn monster count
 E = Non-spawn monster count
 F = Spawn count percentage of total count
 G = Total turns spent on level
                    A         B        C        D         E        F      G
               +---------+---------+-------+---------+---------+-------+---------
         Total |       0 |   27325 |   0.0 |       0 |     324 |   0.0 | 19582
               +---------+---------+-------+---------+---------+-------+---------
           D:1 |       0 |      34 |   0.0 |       0 |      17 |   0.0 |   840
           D:2 |       0 |     124 |   0.0 |       0 |      27 |   0.0 |  1976
           D:3 |       0 |     113 |   0.0 |       0 |      23 |   0.0 |  1189
           D:4 |       0 |     397 |   0.0 |       0 |      13 |   0.0 |  1159
           D:5 |       0 |    1715 |   0.0 |       0 |      30 |   0.0 |  1875
           D:6 |       0 |     521 |   0.0 |       0 |      14 |   0.0 |  1255
           D:7 |       0 |     895 |   0.0 |       0 |      26 |   0.0 |  2288
           D:8 |       0 |    4140 |   0.0 |       0 |      35 |   0.0 |  1424
           D:9 |       0 |    2280 |   0.0 |       0 |      21 |   0.0 |  1157
          D:10 |       0 |    3999 |   0.0 |       0 |      31 |   0.0 |  2410
          D:11 |       0 |    6954 |   0.0 |       0 |      30 |   0.0 |  2185
        Lair:1 |       0 |    4616 |   0.0 |       0 |      22 |   0.0 |   426
       Ossuary |       0 |     873 |   0.0 |       0 |      30 |   0.0 |  1205
         IceCv |       0 |     664 |   0.0 |       0 |       5 |   0.0 |     7
               +---------+---------+-------+---------+---------+-------+---------
